[Event "Speed Chess Championship 2020"]
[Site "Online"]
[Date "2020.11.12"]
[Round "1.18"]
[White "Martirosyan, Haik M."]
[Black "Nakamura, Hikaru"]
[Result "0-1"]
[ECO "D37"]
[WhiteElo "2622"]
[BlackElo "2736"]
[Annotator "ChessBase"]
[PlyCount "94"]
[EventDate "2020.10.31"]
[EventType "k.o."]
[SourceTitle "playchess.com"]
[Source "ChessBase"]
[SourceQuality "1"]
[TimeControl "60+1"]

1. d4 Nf6 2. Nf3 e6 3. c4 d5 4. Nc3 Be7 5. Bf4 O-O 6. e3 Nbd7 7. Be2 dxc4 8. O-O a6 9. a4 b6 10. Bxc4 Bd6 11. Bxd6 cxd6 12. Bd3 Bb7 13. e4 e5 14. Re1 Re8 15. Qd2 Qe7 16. Rad1 Rad8 17. Bb1 g6 18. Ba2 Kg7 19. h3 h6 20. Re3 Nb8 21. Rde1 Qf8 22. b4 Nc6 23. b5 axb5 24. axb5 Na5 25. Rd3 Ra8 26. dxe5 dxe5 27. Nd5 Bxd5 28. Bxd5 Rac8 29. g4 Qe7 30. Kg2 Rc5 31. Qb2 Nc4 32. Bxc4 Rxc4 33. Nd2 Rb4 34. Rb3 Rd4 35. Nf3 Rc4 36. Rc3 Rxe4 37. Rxe4 Nxe4 38. Rc6 Nf6 39. Rxb6 Nd5 40. Rc6 Nf4+ 41. Kg3 g5 42. b6 Qd7 43. Rc7 Qd6 44. Rc2 Kh7 45. Rd2 Nd3 46. Nxe5 Rxe5 47. Kg2 Qc6+ 0-1

[Event "Speed Chess Championship 2020"]
[Site "Online"]
[Date "2020.11.11"]
[Round "1.19"]
[White "Nepomniachtchi, Ian"]
[Black "Aronian, Levon"]
[Result "1-0"]
[ECO "A01"]
[WhiteElo "2784"]
[BlackElo "2781"]
[Annotator "ChessBase"]
[PlyCount "141"]
[EventDate "2020.10.31"]
[EventType "k.o."]
[SourceTitle "playchess.com"]
[Source "ChessBase"]
[SourceQuality "1"]
[TimeControl "60+1"]

1. b3 d5 2. Bb2 Bf5 3. d3 e6 4. Nd2 Nf6 5. g3 h6 6. Bg2 Bh7 7. Nh3 a5 8. a3 c5 9. O-O Nc6 10. e4 Be7 11. exd5 exd5 12. Nf4 O-O 13. Re1 Re8 14. Bxf6 Bxf6 15. Rxe8+ Qxe8 16. Rb1 d4 17. Nd5 Bd8 18. Qg4 Ne5 19. Re1 Bg5 20. Qd1 Bxd2 21. Qxd2 Qb8 22. Qf4 Nc6 23. Nc7 g5 24. Qd6 Qf8 25. Qf6 Rd8 26. Bd5 Qg7 27. Re8+ Rxe8 28. Nxe8 Qxf6 29. Nxf6+ Kg7 30. Nxh7 Kxh7 31. Bxf7 Ne5 32. Be6 Kg7 33. Kg2 Kf6 34. Bc8 b5 35. f4 gxf4 36. gxf4 Nf7 37. Kf3 Nd6 38. Bd7 Ke7 39. Bc6 Kf6 40. Bd5 b4 41. a4 Nf5 42. Bb7 Ne3 43. Ke4 Ke6 44. Bc8+ Kd6 45. f5 Ke7 46. Ke5 Nxc2 47. f6+ Kf8 48. Kd6 Ne1 49. Bf5 Kf7 50. Kxc5 Kxf6 51. Be4 Ke5 52. Kb5 Kd6 53. Kxa5 Kc5 54. Ka6 Nc2 55. Bg6 Na1 56. Bf7 Nc2 57. a5 Ne1 58. Bc4 Nf3 59. h3 Kc6 60. Bb5+ Kc7 61. Be8 Ne5 62. Bb5 Nf3 63. Bc4 Ne5 64. Kb5 Nc6 65. a6 h5 66. Kc5 h4 67. Bd5 Na7 68. Bb7 Kb8 69. Kb6 Nc8+ 70. Bxc8 Kxc8 71. a7 1-0

[Event "Speed Chess Championship 2020"]
[Site "Online"]
[Date "2020.11.04"]
[Round "1.19"]
[White "Firouzja, Alireza"]
[Black "Fedoseev, Vladimir"]
[Result "1-0"]
[ECO "E63"]
[WhiteElo "2749"]
[BlackElo "2676"]
[Annotator "ChessBase"]
[PlyCount "123"]
[EventDate "2020.10.31"]
[EventType "k.o."]
[SourceTitle "playchess.com"]
[Source "ChessBase"]
[SourceQuality "1"]
[TimeControl "60+1"]

1. Nf3 Nf6 2. g3 g6 3. Bg2 Bg7 4. O-O O-O 5. d4 d6 6. c4 Nc6 7. Nc3 a6 8. b3 Rb8 9. d5 Na7 10. Be3 c5 11. dxc6 Nxc6 12. Rc1 Bd7 13. Ne1 Rc8 14. Nd3 Bf5 15. Qd2 Qd7 16. Rfd1 Bh3 17. Bh1 Qd8 18. Nf4 Bd7 19. Bg2 Ng4 20. Nfd5 Nxe3 21. Qxe3 Re8 22. Nb6 Bd4 23. Rxd4 Qxb6 24. Rd3 Qxe3 25. Rxe3 Be6 26. Rd1 Rc7 27. f4 Rb8 28. Bd5 Bxd5 29. Nxd5 Rd7 30. Kf2 Kf8 31. Nb6 Rdd8 32. Rd2 Kg7 33. a3 Re8 34. b4 Rbd8 35. Red3 Rb8 36. Rc3 f5 37. Re3 Kf7 38. Rb3 Rbd8 39. a4 Nb8 40. Rbd3 Nd7 41. Nxd7 Rxd7 42. c5 Red8 43. cxd6 Rxd6 44. Rxd6 Rxd6 45. Rxd6 exd6 46. Ke3 b5 47. axb5 axb5 48. Kd4 Ke6 49. h3 h5 50. e3 Ke7 51. Kd5 Kd7 52. h4 Kc7 53. Ke6 Kc6 54. Kf6 Kd5 55. Kxg6 Kc4 56. Kxh5 Kxb4 57. Kg5 Kc5 58. h5 b4 59. h6 b3 60. h7 b2 61. h8=Q b1=Q 62. Qc8+ 1-0

[Event "Speed Chess Championship 2020"]
[Site "Online"]
[Date "2020.11.15"]
[Round "1.19"]
[White "Duda, Jan-Krzysztof"]
[Black "Caruana, Fabiano"]
[Result "1-0"]
[ECO "E49"]
[WhiteElo "2743"]
[BlackElo "2823"]
[Annotator "ChessBase"]
[PlyCount "111"]
[EventDate "2020.10.31"]
[EventType "k.o."]
[EventCountry "NET"]
[SourceTitle "playchess.com"]
[Source "ChessBase"]
[SourceQuality "1"]
[TimeControl "60+1"]

1. d4 Nf6 2. c4 e6 3. Nc3 Bb4 4. e3 O-O 5. Bd3 d5 6. a3 Bxc3+ 7. bxc3 c5 8. cxd5 exd5 9. Ne2 Nc6 10. O-O Re8 11. f3 b6 12. Ra2 Qc7 13. Ng3 h5 14. Re2 h4 15. Nf5 Bxf5 16. Bxf5 g6 17. Bd3 cxd4 18. cxd4 Re6 19. Qe1 h3 20. Qh4 hxg2 21. Rxg2 Kg7 22. Bd2 Rh8 23. Qg3 Qe7 24. Bb5 Rh5 25. a4 Na5 26. Bxa5 bxa5 27. e4 dxe4 28. fxe4 Nxe4 29. Qf4 Rf6 30. Qe3 Rxf1+ 31. Bxf1 Qh4 32. Bd3 Ng5 33. Qe5+ Kh7 34. Qe3 Nh3+ 35. Kh1 Qf4 36. Qxf4 Nxf4 37. Rd2 Rh3 38. Bc4 Rc3 39. Bf1 Kg7 40. d5 Kf8 41. d6 Ke8 42. Kg1 Kd8 43. Kf2 Rc5 44. Bb5 Rd5 45. Rxd5 Nxd5 46. Kf3 Nb6 47. Ke4 f6 48. Kd4 a6 49. Bc6 Kc8 50. Kc5 Nd7+ 51. Kd5 Kd8 52. Ke6 Ne5 53. Be4 Nc4 54. Bxg6 Nb2 55. Bc2 f5 56. Kxf5 1-0

[Event "Speed Chess Championship 2020"]
[Site "Online"]
[Date "2020.11.12"]
[Round "1.19"]
[White "Nakamura, Hikaru"]
[Black "Martirosyan, Haik M."]
[Result "0-1"]
[ECO "C65"]
[WhiteElo "2736"]
[BlackElo "2622"]
[Annotator "ChessBase"]
[PlyCount "118"]
[EventDate "2020.10.31"]
[EventType "k.o."]
[SourceTitle "playchess.com"]
[Source "ChessBase"]
[SourceQuality "1"]
[TimeControl "60+1"]

1. e4 e5 2. Nf3 Nc6 3. Bb5 Nf6 4. d3 Bc5 5. Bxc6 dxc6 6. Nbd2 Be6 7. Nb3 Bd6 8. Na5 Rb8 9. O-O O-O 10. Be3 c5 11. h3 Qd7 12. Nd2 b6 13. Nac4 Qe7 14. f4 exf4 15. Bxf4 Bxf4 16. Rxf4 Nd7 17. Qh5 f6 18. Raf1 b5 19. Ne3 Ne5 20. Rh4 g5 21. Rg4 Bf7 22. Qh6 Bg6 23. Rg3 Nf7 24. Nd5 Qd6 25. Rxf6 Nxh6 26. Rxd6 cxd6 27. Rxg5 Nf7 28. Rg3 b4 29. Nc4 Kh8 30. Nf4 Ne5 31. Nxg6+ hxg6 32. Nxd6 Rfd8 33. Rg5 Rxd6 34. Rxe5 c4 35. dxc4 Rd2 36. b3 Rxc2 37. Rg5 Kh7 38. h4 Rd8 39. e5 Rxa2 40. e6 Re2 41. Ra5 Rdd2 42. Rg5 Rxe6 43. c5 a5 44. Rg4 a4 45. bxa4 b3 46. a5 b2 47. Rb4 Re1+ 48. Kh2 b1=Q 49. Rxb1 Rxb1 50. a6 Ra1 51. c6 Rc2 52. c7 Rxc7 53. a7 Raxa7 54. h5 gxh5 55. Kh3 Rc4 56. g3 Ra3 57. Kh2 Rcc3 58. Kh3 Rxg3+ 59. Kh4 Rg1 0-1

[Event "Speed Chess Championship 2020"]
[Site "Online"]
[Date "2020.11.16"]
[Round "1.19"]
[White "Artemiev, Vladislav"]
[Black "Giri, Anish"]
[Result "1/2-1/2"]
[ECO "A06"]
[WhiteElo "2708"]
[BlackElo "2764"]
[Annotator "ChessBase"]
[PlyCount "48"]
[EventDate "2020.10.31"]
[EventType "k.o."]
[EventCountry "NET"]
[SourceTitle "playchess.com"]
[Source "ChessBase"]
[SourceQuality "1"]
[TimeControl "60+1"]

1. b3 d5 2. Bb2 Bf5 3. e3 e6 4. Nf3 Nf6 5. h3 h6 6. d3 a5 7. a3 Nbd7 8. Nbd2 Bh7 9. g3 Bd6 10. Bg2 O-O 11. O-O c6 12. Qe2 Qe7 13. e4 dxe4 14. dxe4 e5 15. Nh4 Rfd8 16. Nf5 Bxf5 17. exf5 Re8 18. Rfe1 Bc7 19. Rad1 Rad8 20. h4 Qc5 21. Qc4 Qa7 22. Qe2 Qc5 23. Qc4 Qa7 24. Qe2 Qc5 1/2-1/2

[Event "Speed Chess Championship 2020"]
[Site "Online"]
[Date "2020.11.15"]
[Round "1.20"]
[White "Caruana, Fabiano"]
[Black "Duda, Jan-Krzysztof"]
[Result "0-1"]
[ECO "A46"]
[WhiteElo "2823"]
[BlackElo "2743"]
[Annotator "RC"]
[PlyCount "102"]
[EventDate "2020.10.31"]
[EventType "k.o."]
[EventCountry "NET"]
[SourceTitle "playchess.com"]
[Source "ChessBase"]
[SourceQuality "1"]
[TimeControl "60+1"]

1. d4 Nf6 2. Nf3 e6 3. g3 d5 4. Bg2 b5 5. O-O Bb7 6. c3 Be7 7. a4 a6 8. Re1 O-O 9. Bf4 Nbd7 10. Nbd2 c5 11. Ne5 cxd4 12. cxd4 Nxe5 13. Bxe5 Nd7 14. Bf4 Qb6 15. axb5 axb5 16. Rxa8 Rxa8 17. Nb3 b4 18. Qd2 Rc8 19. Rc1 Rxc1+ 20. Qxc1 Qc6 21. Qxc6 Bxc6 22. Na5 Bb5 23. e3 g5 24. Bc7 g4 25. Bf1 Bxf1 26. Kxf1 Nf6 27. Nc6 Bf8 28. b3 Ne4 29. Ke2 Nc3+ 30. Ke1 h5 31. Ba5 Na2 32. Kd2 Kg7 33. Ne5 Bd6 34. Nd3 Kf6 35. Ke2 Kf5 36. f3 f6 37. Kf2 e5 38. dxe5 fxe5 39. Ne1 Nc1 40. Nc2 Bc5 41. Kg2 Nd3 42. fxg4+ hxg4 43. Kf1 Ke4 44. Ke2 Nc1+ 45. Kd1 Na2 46. Kd2 Be7 47. Bc7 Bg5 48. Bd6 d4 49. Bxb4 Bxe3+ 50. Kd1 Nxb4 51. Nxb4 Bg1 0-1

[Event "Speed Chess Championship 2020"]
[Site "Online"]
[Date "2020.11.08"]
[Round "1.20"]
[White "Abdusattorov, Nodirbek"]
[Black "So, Wesley"]
[Result "0-1"]
[ECO "C45"]
[WhiteElo "2662"]
[BlackElo "2816"]
[Annotator "RC"]
[PlyCount "116"]
[EventDate "2020.10.31"]
[EventType "k.o."]
[SourceTitle "playchess.com"]
[Source "ChessBase"]
[SourceQuality "1"]
[TimeControl "60+1"]

1. e4 e5 2. Nf3 Nc6 3. d4 exd4 4. Nxd4 Nf6 5. Nxc6 bxc6 6. e5 Qe7 7. Qe2 Nd5 8. h4 Qe6 9. g3 f6 10. exf6 Qxe2+ 11. Bxe2 Nxf6 12. c4 Bb7 13. Nc3 O-O-O 14. Be3 Re8 15. O-O-O c5 16. Rhe1 Bc6 17. b3 g6 18. Kc2 d6 19. Bc1 Bg7 20. Bb2 Rhf8 21. f4 Nh5 22. Bxh5 gxh5 23. Nd5 Bxb2 24. Kxb2 Bxd5 25. Rxe8+ Rxe8 26. Rxd5 Re2+ 27. Ka3 Re3 28. Rg5 Kb7 29. f5 Rf3 30. Rxh5 Rxg3 31. Rxh7 Rf3 32. Rh5 Rf4 33. Kb2 Rf2+ 34. Kc3 Rxa2 35. Rg5 Rh2 36. h5 Kc6 37. f6 Rh3+ 38. Kd2 Kd7 39. Rg7+ Ke6 40. f7 Ke7 41. Rh7 Rxb3 42. h6 Rh3 43. Ke2 a5 44. Kf2 a4 45. Kg2 Rh5 46. f8=Q+ Kxf8 47. Rxc7 Rxh6 48. Ra7 Rh4 49. Rxa4 Ke7 50. Kf3 Ke6 51. Ke3 Rd4 52. Ke2 Kf5 53. Ke3 Ke5 54. Ke2 Ke6 55. Ke3 Ke5 56. Ke2 d5 57. Ra5 Rxc4 58. Kd3 Rd4+ 0-1

[Event "Speed Chess Championship 2020"]
[Site "Online"]
[Date "2020.11.08"]
[Round "1.21"]
[White "So, Wesley"]
[Black "Abdusattorov, Nodirbek"]
[Result "1-0"]
[ECO "B10"]
[WhiteElo "2816"]
[BlackElo "2662"]
[Annotator "ChessBase"]
[PlyCount "91"]
[EventDate "2020.10.31"]
[EventType "k.o."]
[SourceTitle "playchess.com"]
[Source "ChessBase"]
[SourceQuality "1"]
[TimeControl "60+1"]

1. e4 c6 2. Nf3 d5 3. d3 Qc7 4. e5 Bg4 5. d4 e6 6. Nbd2 c5 7. h3 Bxf3 8. Nxf3 cxd4 9. Bb5+ Nc6 10. O-O Bc5 11. Nxd4 Nge7 12. Be3 Bb6 13. c3 Qxe5 14. Re1 Qf6 15. Qg4 O-O 16. Bg5 Qg6 17. Rad1 h6 18. Bxe7 Qxg4 19. hxg4 Nxe7 20. f4 Rad8 21. f5 Rd6 22. Kh2 Bc7 23. Kh3 a6 24. Ba4 Rb6 25. fxe6 fxe6 26. Nxe6 Rc8 27. Bd7 Bd6 28. Bxc8 Nxc8 29. Nd4 Ne7 30. b3 Ng6 31. g3 Be5 32. Rd3 Rf6 33. Nf5 Rc6 34. Ree3 Bf6 35. Rxd5 Kh7 36. c4 b5 37. cxb5 axb5 38. Rxb5 Rc2 39. a4 Nf8 40. a5 Kg6 41. Nh4+ Kf7 42. Nf3 Nh7 43. b4 Ra2 44. Rb7+ Kg6 45. Nh4+ Kg5 46. Rf3 1-0

[Event "Speed Chess Championship 2020"]
[Site "Online"]
[Date "2020.11.04"]
[Round "1.21"]
[White "Firouzja, Alireza"]
[Black "Fedoseev, Vladimir"]
[Result "1-0"]
[ECO "D78"]
[WhiteElo "2749"]
[BlackElo "2676"]
[Annotator "ChessBase"]
[PlyCount "133"]
[EventDate "2020.10.31"]
[EventType "k.o."]
[SourceTitle "playchess.com"]
[Source "ChessBase"]
[SourceQuality "1"]
[TimeControl "60+1"]

1. Nf3 Nf6 2. g3 g6 3. Bg2 Bg7 4. O-O O-O 5. d4 d5 6. c4 c6 7. Ne5 Be6 8. cxd5 Bxd5 9. Nf3 Ne4 10. Qc2 Nd7 11. Re1 Ndf6 12. Ne5 Rc8 13. f3 Nd6 14. Bh3 Nf5 15. Bxf5 gxf5 16. Qxf5 Be6 17. Qf4 c5 18. dxc5 Rxc5 19. Nd3 Rc4 20. Qg5 Qb6+ 21. Be3 h6 22. Qxg7+ Kxg7 23. Bxb6 axb6 24. Nc3 Ra8 25. a3 Nd7 26. Kf2 Bf5 27. Rad1 Bxd3 28. Rxd3 Ne5 29. Rd5 Rc5 30. Red1 Nc4 31. Rxc5 bxc5 32. Rd7 b6 33. Nd1 e6 34. Rb7 Ra6 35. e4 Kf8 36. Ke2 h5 37. f4 Nd6 38. Rb8+ Ke7 39. Kd3 Ra4 40. Nc3 Rd4+ 41. Kc2 Nxe4 42. Rxb6 Rd2+ 43. Kc1 Rd4 44. Nxe4 Rxe4 45. Kd2 Rd4+ 46. Kc3 h4 47. Rc6 Re4 48. Rxc5 hxg3 49. hxg3 Re3+ 50. Kb4 Rxg3 51. a4 Rf3 52. Rc4 Rf1 53. a5 Kd6 54. Kb5 Ra1 55. a6 Kd5 56. Ra4 Rxa4 57. Kxa4 Kc6 58. b4 Kb6 59. b5 f6 60. Kb4 e5 61. fxe5 fxe5 62. Kc4 Ka7 63. Kd5 Kb6 64. Kxe5 Kc7 65. Kd5 Kb6 66. Kd6 Kxb5 67. a7 1-0

[Event "Speed Chess Championship 2020"]
[Site "Online"]
[Date "2020.11.15"]
[Round "1.21"]
[White "Duda, Jan-Krzysztof"]
[Black "Caruana, Fabiano"]
[Result "1-0"]
[ECO "E85"]
[WhiteElo "2743"]
[BlackElo "2823"]
[Annotator "ChessBase"]
[PlyCount "105"]
[EventDate "2020.10.31"]
[EventType "k.o."]
[EventCountry "NET"]
[SourceTitle "playchess.com"]
[Source "ChessBase"]
[SourceQuality "1"]
[TimeControl "60+1"]

1. d4 Nf6 2. c4 g6 3. Nc3 d6 4. e4 Bg7 5. f3 O-O 6. Be3 Nc6 7. Nge2 e5 8. Qd2 a6 9. O-O-O Rb8 10. d5 Na5 11. Ng3 b5 12. Bh6 b4 13. Nb1 Ne8 14. h4 f5 15. Bg5 Qd7 16. exf5 gxf5 17. Nh5 Qf7 18. Nxg7 Nxg7 19. Bd3 Bd7 20. h5 Nb7 21. Qxb4 Nc5 22. Qd2 f4 23. Nc3 Nf5 24. Rde1 Nd4 25. Kb1 Rb4 26. Ne4 Rfb8 27. Nxc5 Rxb2+ 28. Qxb2 Rxb2+ 29. Kxb2 dxc5 30. Rxe5 Qf8 31. Rhe1 Qb8+ 32. Ka1 Qb4 33. Re8+ Bxe8 34. Rxe8+ Kf7 35. Re7+ Kf8 36. Bxh7 Qxc4 37. Kb1 Qb4+ 38. Kc1 Qc3+ 39. Kd1 Qa1+ 40. Kd2 Qxa2+ 41. Kd3 Qxg2 42. Bf6 Qxf3+ 43. Kc4 Qxh5 44. Kxc5 Nf5 45. Rxc7 Qh6 46. Be5 Ne7 47. d6 Qxh7 48. dxe7+ Ke8 49. Rc8+ Kxe7 50. Rc7+ Ke6 51. Rxh7 Kxe5 52. Re7+ Kf5 53. Kd4 1-0

[Event "Speed Chess Championship 2020"]
[Site "Online"]
[Date "2020.11.12"]
[Round "1.21"]
[White "Nakamura, Hikaru"]
[Black "Martirosyan, Haik M."]
[Result "1/2-1/2"]
[ECO "E21"]
[WhiteElo "2736"]
[BlackElo "2622"]
[Annotator "ChessBase"]
[PlyCount "92"]
[EventDate "2020.10.31"]
[EventType "k.o."]
[SourceTitle "playchess.com"]
[Source "ChessBase"]
[SourceQuality "1"]
[TimeControl "60+1"]

1. d4 Nf6 2. Nf3 e6 3. c4 b6 4. Nc3 Bb7 5. g3 Bb4 6. Bg2 O-O 7. O-O Bxc3 8. bxc3 h6 9. Re1 Be4 10. Bh3 d5 11. Nd2 Bg6 12. f3 c5 13. dxc5 bxc5 14. cxd5 exd5 15. c4 d4 16. Nb3 Nbd7 17. Ba3 Qc7 18. e3 d3 19. e4 Ne5 20. Nd2 Bh5 21. g4 Qd7 22. Bb2 Ng6 23. Bxf6 gxf6 24. Bf1 Nf4 25. gxh5 Kh8 26. Nb3 Rg8+ 27. Kh1 Rg5 28. Qd2 Rag8 29. Qf2 Rxh5 30. Rad1 Qe7 31. Nc1 Qc7 32. e5 fxe5 33. Nxd3 Ne6 34. Re4 f5 35. Rxe5 Nd4 36. Rde1 Qg7 37. Re7 Qg5 38. Ne5 Qxe7 39. Ng6+ Rxg6 40. Rxe7 Rhg5 41. Qe3 Nxf3 42. Re8+ Kh7 43. Re7+ Kh8 44. Re8+ Kh7 45. Re7+ Kg8 46. Re8+ Kh7 1/2-1/2

[Event "Speed Chess Championship 2020"]
[Site "Online"]
[Date "2020.11.16"]
[Round "1.21"]
[White "Artemiev, Vladislav"]
[Black "Giri, Anish"]
[Result "1/2-1/2"]
[ECO "A12"]
[WhiteElo "2708"]
[BlackElo "2764"]
[Annotator "ChessBase"]
[PlyCount "107"]
[EventDate "2020.10.31"]
[EventType "k.o."]
[EventCountry "NET"]
[SourceTitle "playchess.com"]
[Source "ChessBase"]
[SourceQuality "1"]
[TimeControl "60+1"]

1. b3 d5 2. Bb2 Bf5 3. Nf3 e6 4. g3 Nf6 5. Bg2 h6 6. O-O Be7 7. c4 c6 8. d3 O-O 9. Nbd2 Nbd7 10. a3 a5 11. Qc2 Re8 12. Bc3 Bd6 13. b4 axb4 14. axb4 e5 15. e4 Bh7 16. Rxa8 Qxa8 17. Ra1 Qb8 18. cxd5 cxd5 19. exd5 Nxd5 20. Qb3 Nxc3 21. Qxc3 Nf6 22. Qb3 e4 23. dxe4 Nxe4 24. Nxe4 Bxe4 25. Rd1 Bf8 26. h3 Qc7 27. Ne1 b5 28. Bxe4 Rxe4 29. Nd3 Rd4 30. Re1 Qc4 31. Qxc4 bxc4 32. Ne5 c3 33. Rc1 f6 34. Nf3 Rc4 35. b5 Ba3 36. Rc2 Bb2 37. Kf1 Rb4 38. Ng1 Rxb5 39. Ke2 Rc5 40. Kd3 Kf7 41. Ne2 Ke6 42. Nxc3 Bxc3 43. Rxc3 Rxc3+ 44. Kxc3 Ke5 45. Kd3 f5 46. Ke3 g5 47. f4+ gxf4+ 48. gxf4+ Kd5 49. Kd3 h5 50. h4 Kc5 51. Kc3 Kd5 52. Kd3 Kc5 53. Kc3 Kd5 54. Kd3 1/2-1/2

[Event "Speed Chess Championship 2020"]
[Site "Online"]
[Date "2020.11.11"]
[Round "1.22"]
[White "Aronian, Levon"]
[Black "Nepomniachtchi, Ian"]
[Result "1-0"]
[ECO "C15"]
[WhiteElo "2781"]
[BlackElo "2784"]
[Annotator "ChessBase"]
[PlyCount "83"]
[EventDate "2020.10.31"]
[EventType "k.o."]
[SourceTitle "playchess.com"]
[Source "ChessBase"]
[SourceQuality "1"]
[TimeControl "60+1"]

1. e4 e6 2. d4 d5 3. Nc3 Bb4 4. Bd3 Ne7 5. Nge2 c5 6. exd5 exd5 7. dxc5 Nbc6 8. O-O Bxc5 9. Bg5 h6 10. Bh4 Bg4 11. Qd2 O-O 12. h3 Bh5 13. Nf4 Bg6 14. Bxg6 fxg6 15. Nxg6 Rf7 16. Bxe7 Nxe7 17. Nxe7+ Rxe7 18. Nxd5 Re5 19. c4 Qh4 20. Rae1 Rxe1 21. Rxe1 Rf8 22. Ne3 Kh8 23. Re2 Qf4 24. b3 Qe4 25. Qc2 Qe5 26. g3 Qf6 27. Qe4 Qf7 28. Kg2 Re8 29. Qf3 Qe7 30. Rd2 Rf8 31. Qe2 Qe4+ 32. Kh2 Re8 33. Qd3 Qe6 34. Ng2 Qf7 35. Nf4 g5 36. Nd5 Bxf2 37. Qc3+ Kh7 38. Nf6+ Kg6 39. Rxf2 Re6 40. Qd3+ Kg7 41. Qh7+ Kf8 42. Nd7+ 1-0

[Event "Speed Chess Championship 2020"]
[Site "Online"]
[Date "2020.11.08"]
[Round "1.22"]
[White "Abdusattorov, Nodirbek"]
[Black "So, Wesley"]
[Result "0-1"]
[ECO "C67"]
[WhiteElo "2662"]
[BlackElo "2816"]
[Annotator "ChessBase"]
[PlyCount "90"]
[EventDate "2020.10.31"]
[EventType "k.o."]
[SourceTitle "playchess.com"]
[Source "ChessBase"]
[SourceQuality "1"]
[TimeControl "60+1"]

1. e4 e5 2. Nf3 Nc6 3. Bb5 Nf6 4. O-O Nxe4 5. Re1 Nd6 6. Nxe5 Be7 7. Bf1 Nxe5 8. Rxe5 O-O 9. d4 Bf6 10. Re1 Re8 11. Rxe8+ Nxe8 12. d5 d6 13. Nd2 Bg5 14. a4 a5 15. Ra3 Bd7 16. g3 Nf6 17. Bg2 Qe8 18. c4 b6 19. h3 h5 20. h4 Bh6 21. b3 Bg4 22. Qf1 Be2 23. Qe1 Bxc4 24. Qxe8+ Rxe8 25. Nxc4 Re1+ 26. Kh2 Rxc1 27. Ra2 Ng4+ 28. Kh3 Rc3 29. Na3 Rxb3 30. Nb5 f5 31. Nxc7 f4 32. Ne6 f3 33. Bh1 Ne5 34. Nd4 Rb1 35. Bxf3 Rb4 36. Nc6 Nxf3 37. Nxb4 axb4 38. Rb2 Bd2 39. Kg2 Bc3 40. Re2 b3 41. Re8+ Kf7 42. Rb8 b2 43. Rxb6 Nd2 44. a5 b1=Q 45. Rxb1 Nxb1 0-1

[Event "Speed Chess Championship 2020"]
[Site "Online"]
[Date "2020.11.08"]
[Round "1.23"]
[White "So, Wesley"]
[Black "Abdusattorov, Nodirbek"]
[Result "1/2-1/2"]
[ECO "B56"]
[WhiteElo "2816"]
[BlackElo "2662"]
[Annotator "ChessBase"]
[PlyCount "36"]
[EventDate "2020.10.31"]
[EventType "k.o."]
[SourceTitle "playchess.com"]
[Source "ChessBase"]
[SourceQuality "1"]
[TimeControl "60+1"]

1. e4 c5 2. Nf3 d6 3. d4 cxd4 4. Nxd4 e5 5. Bb5+ Bd7 6. Bxd7+ Qxd7 7. Nf5 Nf6 8. Nc3 Nxe4 9. Nxg7+ Bxg7 10. Nxe4 d5 11. Bh6 O-O 12. Bxg7 Kxg7 13. Qd2 dxe4 14. Qg5+ Kh8 15. Qf6+ Kg8 16. Qg5+ Kh8 17. Qf6+ Kg8 18. Qg5+ Kh8 1/2-1/2

[Event "Speed Chess Championship 2020"]
[Site "Online"]
[Date "2020.11.04"]
[Round "1.23"]
[White "Firouzja, Alireza"]
[Black "Fedoseev, Vladimir"]
[Result "1/2-1/2"]
[ECO "D79"]
[WhiteElo "2749"]
[BlackElo "2676"]
[Annotator "ChessBase"]
[PlyCount "157"]
[EventDate "2020.10.31"]
[EventType "k.o."]
[SourceTitle "playchess.com"]
[Source "ChessBase"]
[SourceQuality "1"]
[TimeControl "60+1"]

1. Nf3 Nf6 2. g3 g6 3. Bg2 Bg7 4. O-O O-O 5. d4 d5 6. c4 c6 7. Ne5 b6 8. Nc3 Bb7 9. cxd5 cxd5 10. Bg5 Nbd7 11. Qb3 h6 12. Bf4 e6 13. Rac1 Nxe5 14. Bxe5 Ba6 15. Qa3 Bb7 16. Nb5 Ne8 17. Bxg7 Kxg7 18. Qb4 a6 19. Nc3 Qd6 20. Qb3 Nf6 21. Rcd1 Rfc8 22. f3 b5 23. e4 Qb6 24. e5 Nd7 25. f4 Rc4 26. Ne2 Rac8 27. g4 f5 28. gxf5 exf5 29. Qe3 Nf8 30. h4 h5 31. Nc3 Ne6 32. Bxd5 Bxd5 33. Nxd5 Qd8 34. Nf6 Rxd4 35. Rxd4 Qxd4 36. Qxd4 Nxd4 37. Rd1 Ne2+ 38. Kf2 Nxf4 39. Rd7+ Kf8 40. Nh7+ Kg8 41. Nf6+ Kf8 42. Kf3 Ne6 43. Rd6 Kf7 44. Rxa6 Rc4 45. Ra7+ Kf8 46. Ra8+ Kf7 47. Ra7+ Kf8 48. Kg3 Rc2 49. b3 Rc3+ 50. Kf2 b4 51. Rb7 Rc2+ 52. Kg3 Rxa2 53. Rxb4 Rd2 54. Rb7 Rd3+ 55. Kf2 Nc5 56. Rc7 Ne4+ 57. Nxe4 fxe4 58. b4 Rb3 59. Rb7 Rh3 60. b5 Rxh4 61. b6 Rh2+ 62. Ke3 Rb2 63. Kxe4 h4 64. Kd5 h3 65. Kc6 Kg8 66. Rb8+ Kg7 67. Ra8 Rb1 68. Ra2 g5 69. e6 Kf6 70. Re2 Ke7 71. Re5 g4 72. Rh5 Kxe6 73. b7 Kf6 74. Rb5 Rxb5 75. Kxb5 h2 76. b8=Q h1=Q 77. Qf4+ Ke6 78. Qxg4+ Ke7 79. Qg5+ 1/2-1/2

[Event "Speed Chess Championship 2020"]
[Site "Online"]
[Date "2020.11.15"]
[Round "1.23"]
[White "Duda, Jan-Krzysztof"]
[Black "Caruana, Fabiano"]
[Result "1-0"]
[ECO "E63"]
[WhiteElo "2743"]
[BlackElo "2823"]
[Annotator "ChessBase"]
[PlyCount "67"]
[EventDate "2020.10.31"]
[EventType "k.o."]
[EventCountry "NET"]
[SourceTitle "playchess.com"]
[Source "ChessBase"]
[SourceQuality "1"]
[TimeControl "60+1"]

1. d4 Nf6 2. c4 g6 3. g3 Bg7 4. Bg2 d6 5. Nf3 O-O 6. O-O Nc6 7. Nc3 a6 8. b3 Rb8 9. Bb2 b5 10. cxb5 axb5 11. Rc1 Bd7 12. e3 e6 13. Qe2 Ne7 14. b4 Ned5 15. a3 c6 16. e4 Nb6 17. e5 Ne8 18. Ne4 d5 19. Nc5 Nc4 20. Rc3 Nc7 21. Bc1 Ra8 22. h4 h6 23. Nh2 Na6 24. Nxd7 Qxd7 25. Ng4 h5 26. Nf6+ Bxf6 27. exf6 Rfe8 28. g4 e5 29. Rg3 exd4 30. Qd1 hxg4 31. Rxg4 Nc7 32. h5 Qf5 33. hxg6 fxg6 34. Rf4 1-0

[Event "Speed Chess Championship 2020"]
[Site "Online"]
[Date "2020.11.12"]
[Round "1.23"]
[White "Nakamura, Hikaru"]
[Black "Martirosyan, Haik M."]
[Result "1-0"]
[ECO "D04"]
[WhiteElo "2736"]
[BlackElo "2622"]
[Annotator "ChessBase"]
[PlyCount "47"]
[EventDate "2020.10.31"]
[EventType "k.o."]
[SourceTitle "playchess.com"]
[Source "ChessBase"]
[SourceQuality "1"]
[TimeControl "60+1"]

1. b3 Nf6 2. Bb2 g6 3. e3 Bg7 4. Nf3 O-O 5. d4 d5 6. Be2 b6 7. O-O Bb7 8. Nbd2 c5 9. dxc5 bxc5 10. c4 e6 11. cxd5 exd5 12. Rc1 Nbd7 13. Ne5 Rc8 14. Nxd7 Qxd7 15. Bxf6 Bxf6 16. Bg4 Qe7 17. Bxc8 Rxc8 18. Nf3 Kg7 19. Re1 Qd6 20. e4 Re8 21. e5 Bxe5 22. Nxe5 Rxe5 23. Rxe5 Qxe5 24. Rxc5 1-0